 Dungeon Crawl Stone Soup version 0.26.1 (webtiles) character file.

Game seed: 4076602663510937

294 Gadfly the Unbeliever (level 6, -4/47 HPs)
             Began as a Demonspawn Monk on Feb 5, 2021.
             Slain by Sigmund
             ... wielding a +3 scythe of distortion
              (23 damage)
             ... on level 4 of the Dungeon.
             The game lasted 00:09:01 (4421 turns).

Gadfly the Unbeliever (Demonspawn Monk)             Turns: 4421, Time: 00:09:02

Health: -4/47      AC: 14    Str: 13    XL:     6   Next: 11%
Magic:  9/9        EV:  9    Int: 11    God:
Gold:   220        SH:  0    Dex: 16    Spells: 5/5 levels left

rFire    . . .     SeeInvis .   a - +0 hand axe
rCold    + . .     Faith    .   (no shield)
rNeg     . . .     Spirit   .   i - +2 chain mail {rC+}
rPois    .         Reflect  .   b - +0 helmet
rElec    .         Harm     .   (no cloak)
rCorr    .         Rampage  .   e - +1 pair of gloves
Will     .....                  (no boots)
Stlth    ..........             (no amulet)
HPRegen  0.15/turn              (no ring)
MPRegen  0.11/turn              (no ring)

@: mighty
A: repulsion field 1, powered by death 2, powered by pain 1
a: no special abilities


You were on level 4 of the Dungeon.
You visited 1 branch of the dungeon, and saw 4 of its levels.

You collected 220 gold pieces.

Inventory:

Hand Weapons
 a - a +0 hand axe (weapon)
Armour
 b - a +0 helmet (worn)
 e - a +1 pair of gloves (worn)
 i - a +2 chain mail of cold resistance (worn)
Wands
 h - a wand of enslavement (9)
Scrolls
 f - 2 scrolls of identify
Potions
 c - a potion of heal wounds
 d - a potion of mutation
 g - a potion of haste


   Skills:
 - Level 3.0 Fighting
 + Level 3.5 Axes
 * Level 2.7 Armour
 - Level 2.6 Dodging
 - Level 1.7 Stealth
 * Level 4.1 Invocations
 * Level 2.8 Evocations


You had 5 spell levels left.
You didn't know any spells.
Your spell library contained the following spells:

 Spells                   Type           Power        Failure   Level
 Animate Skeleton         Necr           0%           100%        1
 Apportation              Tloc           0%           100%        1
 Corona                   Hex            0%           100%        1
 Summon Small Mammal      Summ           0%           100%        1


Dungeon Overview and Level Annotations

Branches:
Dungeon (4/15)
 Temple: D:4-7

Altars:
Cheibriados
Ru
Sif Muna

Annotations:
D:4 Edmund, Sigmund


Innate Abilities, Weirdness & Mutations

You are surrounded by a mild repulsion field. (EV +2)
You regenerate health from kills.
You sometimes gain a little power by taking damage.


Message History

Sigmund gestures at himself while chanting.
Sigmund flickers and vanishes!
Deactivating autopickup; reactivate with Ctrl-A.
Found a stone staircase leading down.
You hear some strange, mumbled words.
A puff of flame appears from out of thin air!
The puff of flame hits you.
A leopard gecko zombie comes into view.
A bullfrog skeleton comes into view.
Something hits you.
Edmund says, "People will remember me!
They'll remember me and die!"
You hit Edmund but do no damage. You barely miss something.
Edmund hits you with a +6 dire flail of protection!
You focus on the pain.
You feel very mighty all of a sudden.
You barely miss Edmund. You barely miss something.
Something hits you but does no damage.
Edmund hits you with a +6 dire flail of protection.
You closely miss Edmund. You closely miss something. Something hits you!
Space warps horribly around you!!
You die...

##.....>..
#........#
####......... ##
##.#..........
#..#.............
..#..............#
....?.......##...#
#...#.#..........#
#.. #.#@.........
##....@{..###...
...#...Z.## #..
##.##.. .. .. ...
#.. §.>. #. §§§§.
.. §§§§..


You could see Edmund and a leopard gecko zombie.

Vanquished Creatures
  2 orc wizards
  Terence (D:2)
  A worker ant zombie (D:4)
  Robin (D:4)
  5 adders
  2 gnolls
  An adder zombie (D:4)
  A worm (D:3)
  6 dart slugs
  2 leopard geckos
  13 orcs
  3 giant cockroaches (D:1)
  19 goblins
  9 hobgoblins
  9 kobolds
  4 quokkas (D:2)
  8 bats
  2 frilled lizards
  10 rats
99 creatures vanquished.

Vanquished Creatures (others)
  5 plants (D:2)
5 creatures vanquished.

Grand Total: 104 creatures vanquished

Notes
Turn   | Place    | Note
-------+----------+-------------------------------------------
     0 | D:1      | Gadfly the Demonspawn Monk began the quest for the Orb.
     0 | D:1      | Reached XP level 1. HP: 18/18 MP: 1/1
   282 | D:1      | Reached skill level 1 in Invocations
   291 | D:1      | Gained mutation: You are surrounded by a mild repulsion
                  | field. (EV +2) [demonic ancestry]
   291 | D:1      | Reached XP level 2. HP: 24/24 MP: 2/2
   350 | D:1      | Reached skill level 1 in Evocations
   551 | D:1      | Reached skill level 1 in Armour
   584 | D:1      | Gained mutation: You regenerate a little health from kills.
                  | [demonic ancestry]
   584 | D:1      | Reached XP level 3. HP: 25/29 MP: 4/4
  1108 | D:2      | Reached skill level 2 in Invocations
  1474 | D:2      | Found a shimmering blue altar of Sif Muna.
  1714 | D:2      | Found a snail-covered altar of Cheibriados.
  1786 | D:2      | Gained mutation: You regenerate health from kills. [demonic
                  | ancestry]
  1786 | D:2      | Reached XP level 4. HP: 34/35 MP: 5/5
  2493 | D:1      | HP: 1/35 [gnoll/+0 whip (7)]
  2725 | D:2      | Noticed Terence
  2733 | D:2      | Killed Terence
  3086 | D:3      | Gained mutation: You sometimes gain a little power by
                  | taking damage. [demonic ancestry]
  3086 | D:3      | Reached XP level 5. HP: 41/41 MP: 7/7
  3111 | D:3      | Found a snail-covered altar of Cheibriados.
  3141 | D:3      | Reached skill level 3 in Invocations
  3885 | D:3      | Found a sacrificial altar of Ru.
  4258 | D:4      | Noticed Robin
  4277 | D:4      | Killed Robin
  4321 | D:4      | Reached skill level 4 in Invocations
  4325 | D:4      | Reached XP level 6. HP: 35/47 MP: 7/9
  4414 | D:4      | Noticed Sigmund
  4416 | D:4      | Noticed Edmund
  4421 | D:4      | Slain by Sigmund

Illustrated notes

Levels and vault maps discovered:
D:1:      erik_arrival_orb_chamber, layout_loops_ring, minivault_27,
          hangedman_decor_points, minmay_hedge_maze, corexii_leaking_fountain,
          minmay_close_crescents
D:2:      wad_woods_tower, layout_basic, led_sif_pool, cheibriados_altar_1,
          uniq_terence
D:3:      layout_basic, lemuel_crystal_altar, lemuel_crystal_altar
D:4:      layout_cave_pools, amethyst_overflow_temple_binary, serial_shops,
          nicolae_shop_behind_doors, serial_undead, serial_undead_c,
          serial_undead_d, serial_undead_a, serial_undead_e, serial_undead_e,
          serial_undead_a, uniq_edmund, uniq_pikel, uniq_robin,
          uniq_crazy_yiuf_cottage, uniq_sigmund

Skill      XL: |  1  2  3  4  5 |
---------------+----------------+-----
Invocations    | 1 2 4 |  4.1
Evocations     | 1 2 |  2.8
Armour         | 1 2 |  2.7
Axes           | 3 |  3.5
Fighting       | |  3.0
Dodging        | |  2.6
Stealth        | |  1.7

Action                   |  1- 3 |  4- 6 || total
-------------------------+-------+-------++-------
Melee: Hand axe          |   139 |   259 ||   398
  Use: Scroll            |     5 |     1 ||     6
       Potion            |       |     4 ||     4
 Stab: Sleeping          |     4 |     3 ||     7
       Distracted        |     1 |       ||     1
       Invisible         |       |     1 ||     1
Armor: Robe              |    26 |     4 ||    30
       Scale mail        |       |     6 ||     6
       Skin              |       |     3 ||     3
       Chain mail        |       |   133 ||   133
Dodge: Dodged            |   120 |   170 ||   290
